 Dungeon Crawl Stone Soup version 0.15-b1-91-gafc2b96 (webtiles) character file.

585 Broswagonist the Quickloader (level 7, -7/39 HPs)
             Began as a Kobold Hunter on Aug 18, 2014.
             Killed by divine providence
             ... invoked by an orc priest
              (11 damage)
             ... on Level 5 of the Dungeon.
             The game lasted 00:16:47 (3901 turns).

Broswagonist the Quickloader (Kobold Hunter)        Turns: 3901, Time: 00:16:47

HP  -7/39        AC 13     Str 10      XL: 7   Next: 64%
MP   7/7         EV  3     Int  9      God:
Gold 211         SH  0     Dex 19      Spells:  0 memorised,  6 levels left

rFire  . . .     SeeInvis .     b - +1 hand crossbow
rCold  . . .     Clarity  .     u - +0 plate armour
rNeg   . . .     rCorr    .     (no shield)
rPois  .         rRot     .     d - +2 hat
rElec  .         Spirit   .     w - +0 cloak
SustAb .         Warding  .     (no gloves)
rMut   .         Stasis   .     (no boots)
Gourm  .                        (no amulet)
MR     .....                    (no ring)
                                n - ring of teleport control

@: not resistant to hostile enchantments, extremely unstealthy
A: carnivore 3
a: Evoke Teleport Control


You were on level 5 of the Dungeon.
You were full.

You visited 1 branch of the dungeon, and saw 5 of its levels.

You collected 211 gold pieces.

Inventory:

Hand weapons
 a - a +2 dagger of electrocution
 b - a +1 hand crossbow (weapon)
Missiles
 c - 38 bolts
 l - 9 poisoned bolts (quivered)
 x - a throwing net
Armour
 d - a +2 hat (worn)
 u - a +0 plate armour (worn)
 w - a +0 cloak (worn)
Comestibles
 f - 4 meat rations
 o - a slice of pizza
 t - a beef jerky
Scrolls
 g - 4 scrolls of amnesia {unknown}
 h - 5 scrolls of identify {unknown}
 j - a scroll of noise {unknown}
 m - 3 scrolls of remove curse {unknown}
 p - a scroll of enchant weapon {unknown}
 s - a scroll of fog {unknown}
 v - a scroll of teleportation {unknown}
 y - 3 scrolls of fear {unknown}
Jewellery
 n - a ring of teleport control (left hand)
Potions
 e - a potion of restore abilities {unknown}
 i - a potion of curing {unknown}
 k - 2 potions of flight {unknown}
 q - a potion of poison {unknown}
 r - 3 potions of agility {unknown}


   Skills:
 + Level 1.9 Fighting
 + Level 1.8 Short Blades
 + Level 9.2 Crossbows
 + Level 1.7 Armour
 + Level 3.4 Dodging
 + Level 1.7 Stealth


You had 6 spell levels left.
You didn't know any spells.

Dungeon Overview and Level Annotations

Branches:
Dungeon (5/15)
 Temple: D:4-7

Altars:


Innate Abilities, Weirdness & Mutations

You are small and have problems with some larger weapons.
You are carnivorous and can eat meat at any time.


Message History

Firing (i - inventory. (,) - cycle):
l - 11 poisoned bolts (quivered)
Press: ? - help, Shift-Dir - straight line, f/p - orc priest
Aim: an orc priest wearing a scale mail (moderately wounded)
You shoot a poisoned bolt.
The poisoned bolt hits the orc priest but does no damage.
The orc priest is poisoned.
The orc priest is moderately wounded.
The orc priest calls down the wrath of Beogh upon you.
Pain shoots through your body!
Firing (i - inventory. (,) - cycle):
l - 10 poisoned bolts (quivered)
Press: ? - help, Shift-Dir - straight line, f/p - orc priest
Aim: an orc priest wearing a scale mail (heavily wounded, poisoned)
You shoot a poisoned bolt.
The poisoned bolt barely misses the orc priest.
The orc priest mumbles some strange prayers to Beogh against you.
Something smites you!
* * * LOW HITPOINT WARNING * * *
The orc priest mumbles some strange prayers to Beogh against you.
Something smites you!
You die...

## ##..# #. .# ..##...#
#. #.. #.....## #. #.#
#......## #.#####.#
#......####..##..#
#...............##
###.)..............##
####.............###..)##
........@###.....# ##.).#
..........#####..# ##...
#.........# #..# #...
##........o# #...# ##.)
#......[......... ##.
..............#.. #..
.......o(...### #.....
#......(... ##....
......(.. #..#.


You could see an orc priest and an orc.

Vanquished Creatures
  An ogre (D:5)
  Blork the orc (D:5)
  2 scorpions (D:4)
  Crazy Yiuf (D:2)
  An orc priest (D:3)
  A worker ant (D:4)
  Jessica (D:2)
  Terence (D:2)
  5 adders
  4 gnolls (D:3)
  4 worms
  2 giant geckos
  An ooze (D:3)
  11 orcs
  2 ball pythons
  9 bats
  4 giant cockroaches
  10 hobgoblins
  6 kobolds
  6 quokkas
  4 giant newts
  13 goblins
  4 jackals (D:4)
  5 rats
  A fungus (D:2)
100 creatures vanquished.

Notes
Turn   | Place    | Note
--------------------------------------------------------------
     0 | D:1      | Broswagonist, the Kobold Hunter, began the quest for the Orb.
     0 | D:1      | Reached XP level 1. HP: 12/12 MP: 1/1
   129 | D:1      | Reached skill level 5 in Crossbows
   188 | D:1      | Reached XP level 2. HP: 5/16 MP: 2/2
   843 | D:1      | Reached XP level 3. HP: 20/20 MP: 3/3
  1313 | D:2      | Noticed Terence
  1321 | D:2      | Killed Terence
  1441 | D:2      | Reached skill level 6 in Crossbows
  1441 | D:2      | Reached XP level 4. HP: 25/25 MP: 4/4
  1448 | D:2      | Noticed Jessica
  1458 | D:2      | Killed Jessica
  1541 | D:2      | Reached skill level 1 in Armour
  1963 | D:2      | Noticed Crazy Yiuf
  1986 | D:2      | Killed Crazy Yiuf
  1986 | D:2      | Reached XP level 5. HP: 29/29 MP: 5/5
  2199 | D:3      | Reached skill level 1 in Short Blades
  2331 | D:3      | Reached skill level 7 in Crossbows
  2464 | D:3      | Reached XP level 6. HP: 32/34 MP: 6/6
  3158 | D:4      | Reached skill level 8 in Crossbows
  3530 | D:4      | Reached XP level 7. HP: 38/38 MP: 7/7
  3728 | D:5      | Entered Level 5 of the Dungeon
  3808 | D:5      | Noticed Blork the orc
  3820 | D:5      | Killed Blork the orc
  3866 | D:5      | Reached skill level 9 in Crossbows
  3901 | D:5      | Killed from afar by an orc priest

Action                   |  1- 3 |  4- 6 |  7- 9 || total
-------------------------+-------+-------+-------++-------
Melee: Short sword       |    21 |       |       ||    21
       Dagger            |    10 |    69 |     3 ||    82
       Hand crossbow     |       |     1 |       ||     1
 Fire: Hand crossbow     |    45 |   106 |    22 ||   173
  Eat: Chunk             |     8 |     6 |       ||    14
